 Dungeon Crawl Stone Soup version 0.27-a0-124-g19cb506db8 (webtiles) character file.

Game seed: 9814567374435637920

32 tsouns the Sneak (level 3, 0/19 HPs)
             Began as a Spriggan Delver on Jan 25, 2021.
             Shot with an arrow by a centaur (13 damage)
             ... on level 5 of the Dungeon.
             The game lasted 00:00:36 (132 turns).

tsouns the Sneak (Spriggan Delver)                   Turns: 132, Time: 00:00:37

Health: 0/19       AC:  2    Str:  8    XL:     3   Next: 8%
Magic:  4/4        EV: 19    Int: 12    God:
Gold:   0          SH:  0    Dex: 17    Spells: 2/2 levels left

rFire    . . .     SeeInvis +   a - +0 short sword
rCold    . . .     Faith    .   (shield restricted)
rNeg     . . .     Spirit   .   b - +0 robe
rPois    .         Reflect  .   (helmet restricted)
rElec    .         Harm     .   (no cloak)
rCorr    .         Rampage  .   (gloves unavailable)
Will     .....                  (boots unavailable)
Stlth    ++++......             (no amulet)
HPRegen  0.06/turn              (no ring)
MPRegen  0.09/turn              (no ring)

@: lethally poisoned (0 -> -4), hasted, very quick
A: very small, unfitting armour, see invisible, speed 3
a: no special abilities


You were on level 5 of the Dungeon.
You visited 1 branch of the dungeon, and saw 2 of its levels.

Inventory:

Hand Weapons
 a - a +0 short sword (weapon)
Armour
 b - a +0 robe (worn)
Wands
 g - a wand of digging (3)
Scrolls
 c - a scroll of fog
 d - a scroll of magic mapping
 e - a scroll of fear


   Skills:
 + Level 2.7 Fighting
 + Level 2.7 Short Blades
 + Level 3.7 Dodging
 + Level 7.6 Stealth


You had 2 spell levels left.
You didn't know any spells.
Your spell library was empty.

Dungeon Overview and Level Annotations

Branches:
Dungeon (6/15)
 Temple: D:4-7

Altars:

Annotations:
D:6 Blork the orc


Innate Abilities, Weirdness & Mutations

You are very small and have problems with some larger weapons.
You are too small for most types of armour.
You have supernaturally acute eyesight. (SInv)
You cover ground extremely quickly.


Message History

The worker ant is almost dead.
You feel sick. The worker ant closely misses you.
You hit the worker ant.
You kill the worker ant!
You have reached level 3!
Your experience leads to an increase in your attributes!
Increase (S)trength, (I)ntelligence, or (D)exterity?
You feel clever.
You feel sick.
Found 17 gold pieces.
A centaur comes into view.
Found 11 gold pieces.
You feel sick.
The helpless quokka fails to defend itself.
You impale the quokka!!
You kill the quokka!
The centaur wields a +0 shortbow.
The centaur shoots an arrow.
The arrow hits you!
Ouch! That really hurt!
You die...

###### #########
#...$# #.......#
#...c# #.#####.#
#$...# #.# #.# #.
#....# #.#####.# #.
#....# #....##.###.
#.@..# #.....#.#...
####....####....#.#.#.
#..$..............#.#.
#.##....#######.###.#.
# ##......# #.......
#......# #...#.##
#..!...# #.<...##
#.?....# #...####
#......####.......


You could see a centaur.

Vanquished Creatures
  A worker ant (D:5)
  An adder (D:6)
  A quokka (D:5)
  A leopard gecko zombie (D:5)
4 creatures vanquished.

Notes
Turn   | Place    | Note
-------+----------+-------------------------------------------
     0 | D:5      | tsouns the Spriggan Delver began the quest for the Orb.
     0 | D:5      | Reached XP level 1. HP: 11/11 MP: 2/2
     1 | D:6      | Noticed a black bear
     3 | D:6      | Noticed Blork the orc
     6 | D:6      | Reached XP level 2. HP: 16/16 MP: 3/3
   120 | D:5      | Reached XP level 3. HP: 15/19 MP: 4/4
   128 | D:5      | Noticed a centaur
   132 | D:5      | Shot with an arrow by a centaur

Illustrated notes

Levels and vault maps discovered:
D:5:      minmay_diamond_boxcup, layout_basic, lemuel_doored_altar,
          lemuel_round_altar
D:6:      layout_loops_cross, uniq_blork_the_orc, uniq_crazy_yiuf_cottage

Action                   || total
-------------------------++-------
Melee: Short sword       ||    14
  Use: Potion            ||     1
 Stab: Sleeping          ||     3
Dodge: Dodged            ||     7

Table legend: (Time is in decaauts)
 A = Elapsed time spent in this place.
 B = Non-inter-level travel time spent in this place.
 C = Inter-level travel time spent in this place.
 D = Time resting spent in this place.
 E = Time spent auto-exploring this place.
 F = Levels seen in this place.
 G = Mean time per level.
                   A        B        C        D        E       F      G
               +--------+--------+--------+--------+--------+-----+--------+
         Total |     80 |     80 |      0 |      0 |     45 |   2 |   40.0 |
       Dungeon |     80 |     80 |      0 |      0 |     45 |   2 |   40.0 |
               +--------+--------+--------+--------+--------+-----+--------+

Top non-repeatable levels by time:
     D:5: 74 daAuts
     D:6: 6 daAuts
